 Dungeon Crawl Stone Soup version 0.17.1-3-g152610e (webtiles) character file.

307 Jerry the Sneak (level 6, -1/39 HPs)
             Began as an Octopode Warper on Mar 24, 2016.
             Slain by a gnoll
             ... wielding a +0 spear
              (6 damage)
             ... on level 3 of the Dungeon on Mar 25, 2016.
             The game lasted 00:13:45 (2810 turns).

Jerry the Sneak (Octopode Warper)                   Turns: 2810, Time: 00:13:45

Health: -1/39      AC:  1    Str: 12    XL:     6   Next: 40%
Magic:  8/9        EV: 13    Int: 15    God:
Gold:   108        SH:  0    Dex: 12    Spells: 2 memorised, 6 levels left

rFire  . . .     SeeInvis .       - Unarmed
rCold  . . .     Clarity  .     (no shield)
rNeg   . . .     SustAt   .     (helmet restricted)
rPois  .         Gourm    .     (no amulet)
rElec  .         Spirit   .     h - ring of flight
rCorr  .         Warding  .     (no ring)
rMut   .         Stasis   .     (no ring)
MR     .....                    (no ring)
Stlth  ++++......               (no ring)
                                (no ring)
                                (no ring)
                                (no ring)

@: not resistant to hostile enchantments, stealthy
A: almost no armour, amphibious, 8 rings, constrict 8, camouflage 1, gelatinous
body 1
a: Evoke Flight


You were on level 3 of the Dungeon.
You were very hungry.

You visited 1 branch of the dungeon, and saw 3 of its levels.

You collected 108 gold pieces.

Inventory:

Hand Weapons
 u - a +3 mace of crushing
Missiles
 c - 5 tomahawks of dispersal (quivered)
Jewellery
 h - a ring of flight (left tentacle)
Scrolls
 b - a scroll of blinking
 e - 5 scrolls of remove curse {unknown}
 f - a scroll of fear {unknown}
 g - 3 scrolls of recharging {unknown}
 j - 2 scrolls of magic mapping {unknown}
 k - 2 scrolls of noise {unknown}
 n - 4 scrolls of identify {unknown}
 p - a scroll of random uselessness {unknown}
 q - a scroll of immolation {unknown}
Potions
 l - a potion of curing {unknown}
 m - 2 potions of haste {unknown}
 r - 2 potions of flight {unknown}
 w - a potion of might {unknown}
Books
 a - a book of Spatial Translocations

   Spells                             Type                      Level
   a - Apportation                    Translocation                1
   b - Blink                          Translocation                2
   c - Shroud of Golubria             Charms/Translocation         2
   d - Portal Projectile              Translocation                3
   e - Teleport Other                 Translocation                3
   f - Passage of Golubria            Translocation                4
Comestibles
 d - 4 bread rations
 i - a slice of pizza
 o - 4 fruits
 s - 4 chunks of flesh
 v - a meat ration
 x - a beef jerky


   Skills:
 - Level 2.0 Fighting
 - Level 1.0 Throwing
 + Level 3.6 Dodging
 + Level 4.2 Stealth
 + Level 4.2 Unarmed Combat
 - Level 2.0 Spellcasting
 + Level 2.2 Charms
 - Level 3.0 Translocations


You had 6 spell levels left.
You knew the following spells:

 Your Spells              Type           Power        Failure   Level  Hunger
a - Apportation           Tloc           ##........   8%          1    #......
b - Shroud of Golubria    Chrm/Tloc      #.........   12%         2    ###....


Dungeon Overview and Level Annotations

Branches:
Dungeon (3/15)

Altars:
Qazlal
The Shining One


Innate Abilities, Weirdness & Mutations

You cannot wear most types of armour.
You are amphibious.
You can wear up to eight rings at the same time.
You can use your tentacles to constrict eight enemies at once.
Your skin changes colour to match your surroundings (Stealth).
Your rubbery body absorbs attacks (AC +1).


Message History

The gnoll closely misses you.
You barely miss the gnoll. Your grab misses the gnoll.
The gnoll hits you with a spear.
You barely miss the gnoll. Your grab misses the gnoll.
Your squeeze misses the gnoll. The gnoll closely misses you.
You closely miss the gnoll. You grab the gnoll. You squeeze the gnoll.
The gnoll is lightly wounded.
You constrict the gnoll. The gnoll hits you with a spear!
You tentacle-slap the gnoll but do no damage.
The gnoll is lightly wounded.
You constrict the gnoll. The gnoll hits you with a spear!
* * * LOW HITPOINT WARNING * * *
You tentacle-slap the gnoll.
You squeeze the gnoll, but do no damage.
The gnoll is heavily wounded.
You constrict the gnoll. The gnoll closely misses you.
You tentacle-slap the gnoll but do no damage.
The gnoll is severely wounded.
You constrict the gnoll. The gnoll hits you with a spear.
You die...

###################
........#....#.....
......g@'....'.....
.......)#.)..#.....
#########''''###########
....................
≈≈≈≈≈....≈≈≈≈≈)≈≈≈≈≈
≈≈≈≈≈≈....≈≈≈≈≈≈≈≈≈≈≈
≈≈≈≈≈≈....≈≈≈≈≈≈≈≈≈≈≈
.....................
##.####..###.#.##..##


You could see a gnoll.

Vanquished Creatures
  A gnoll shaman (D:3)
  Ijyb (D:3)
  Jessica (D:2)
  Terence (D:2)
  Robin (D:2)
  8 gnolls (D:3)
  2 adders
  An ooze (D:1)
  4 worms
  An orc (D:3)
  2 ball pythons (D:2)
  A bat (D:1)
  2 giant cockroaches
  16 goblins
  10 hobgoblins
  11 jackals (D:3)
  A quokka (D:3)
  A giant gecko (D:1)
  4 giant newts
  4 kobolds
  4 rats (D:1)
77 creatures vanquished.

Vanquished Creatures (others)
  A plant (D:3)
1 creature vanquished.

Grand Total: 78 creatures vanquished

Notes
Turn   | Place    | Note
--------------------------------------------------------------
     0 | D:1      | Jerry the Octopode Warper began the quest for the Orb.
     0 | D:1      | Reached XP level 1. HP: 14/14 MP: 3/3
   119 | D:1      | Reached XP level 2. HP: 13/19 MP: 5/5
   200 | D:1      | Reached skill level 1 in Stealth
   539 | D:1      | Learned a level 2 spell: Shroud of Golubria
   600 | D:2      | Noticed Jessica
   604 | D:2      | Reached XP level 3. HP: 24/24 MP: 6/6
   607 | D:2      | Killed Jessica
   629 | D:2      | Noticed Robin
   672 | D:2      | Reached skill level 1 in Charms
   672 | D:2      | Reached XP level 4. HP: 19/29 MP: 4/7
  1120 | D:2      | Found a stormy altar of Qazlal.
  1150 | D:2      | Noticed Terence
  1157 | D:2      | Killed Terence
  1202 | D:2      | Killed Robin
  1202 | D:2      | Reached XP level 5. HP: 8/34 MP: 5/8
  1720 | D:3      | Found a glowing golden altar of the Shining One.
  2005 | D:3      | Noticed Ijyb
  2014 | D:3      | Killed Ijyb
  2331 | D:3      | Reached skill level 4 in Unarmed Combat
  2420 | D:3      | Reached XP level 6. HP: 2/39 MP: 4/9
  2810 | D:3      | Slain by a gnoll

Action                   |  1- 3 |  4- 6 || total
-------------------------+-------+-------++-------
Melee: Unarmed           |    52 |   164 ||   216
 Cast: Shroud of Golubri |     1 |     8 ||     9
  Use: Potion            |       |     1 ||     1
 Stab: Sleeping          |     4 |     6 ||    10
  Eat: Chunk             |       |     5 ||     5
       Fruit             |       |     1 ||     1
